 Dungeon Crawl Stone Soup version 0.29.1-2-gbd0b4ee654 (webtiles) character file.

Game seed: 18145460183974030161

32 leafyfresh the Changer (level 3, -3/26 HPs)
             Began as a Merfolk Transmuter on Oct 30, 2022.
             Slain by an orc
             ... wielding a +0 mace
              (5 damage)
             ... on level 3 of the Dungeon.
             The game lasted 00:01:50 (2027 turns).

leafyfresh the Changer (Merfolk Transmuter)         Turns: 2027, Time: 00:01:51

Health: -3/26      AC:  2    Str: 10    XL:     3   Next: 27%
Magic:  6/6        EV: 13    Int: 12    God:
Gold:   131        SH:  0    Dex: 16    Spells: 2/6 levels left

rFire   . . .      SeeInvis .     - Unarmed
rCold   . . .      Faith    .   (no shield)
rNeg    . . .      Spirit   .   a - +0 robe
rPois   .          Reflect  .   (helmet currently unavailable)
rElec   .          Harm     .   (no cloak)
rCorr   .          Rampage  .   (no gloves)
Will    .....                   (boots currently unavailable)
Stlth   +.........              (no amulet)
HPRegen 0.08/turn               (no ring)
MPRegen 0.10/turn               (no ring)

@: appendages (expiring)
A: horns 2, (nimble swimmer 2), mertail
a: End Transformation


You were on level 3 of the Dungeon.
You had temporarily grown beastly horns.
You visited 1 branch of the dungeon, and saw 3 of its levels.

You collected 131 gold pieces.

Inventory:

Armour
 a - a +0 robe (worn)
Jewellery
 g - a ring of ice
Wands
 k - a wand of paralysis (14)
Scrolls
 d - a scroll of immolation {unknown}
 e - a scroll of identify {unknown}
 f - 2 scrolls of teleportation {unknown}
 h - a scroll of vulnerability {unknown}
 m - a scroll of noise {unknown}
Potions
 b - a potion of lignification
 c - 3 potions of curing {unknown}
 i - a potion of might {unknown}
 j - a potion of berserk rage {unknown}
 l - a potion of brilliance {unknown}
 n - a potion of invisibility {unknown}


   Skills:
 - Level 1.3 Fighting
 - Level 2.9 Dodging
 - Level 3.4 Unarmed Combat
 - Level 2.1 Spellcasting
 + Level 4.2 Transmutations


You had 2 spell levels left.
You knew the following spells:

 Your Spells              Type           Power      Damage    Failure   Level
a - Beastly Appendage     Tmut           22%        N/A       4%          1
b - Spider Form           Tmut/Pois      6%         N/A       32%         3

Your spell library contained the following spells:

 Spells                   Type           Power      Damage    Failure   Level
 Wereblood                Tmut           11%        N/A       7%          2
 Ice Form                 Ice/Tmut       6%         N/A       73%         4


Dungeon Overview and Level Annotations

Branches:
Dungeon (3/15)

Altars:


Innate Abilities, Weirdness & Mutations

You have temporarily grown beastly horns.
((You are very nimble when in or above water. (Stealth+, EV+, Speed+++)))
Your lower body shifts to a powerful aquatic tail in water.


Message History

The orc priest hits you with a +0 dagger.
There are monsters nearby!
Casting: Beastly Appendage (safe; 4% risk of failure)
Confirm with . or Enter, or press ? or * to list all spells.
You grow a pair of large bovine horns.
The orc priest barely misses you.
Unknown command.
You barely miss the orc priest.
An orc comes into view. It is wielding a +0 short sword.
You hit the orc but do no damage. You headbutt the orc.
The orc is heavily wounded.
You closely miss the orc.
The orc is heavily wounded.
The orc misses you.
You completely miss the orc. You headbutt the orc, but do no damage.
The orc is heavily wounded.
The orc hits you with a +0 mace.
You closely miss the orc.
The orc is heavily wounded.
Your transformation is almost over.
The orc hits you with a +0 mace!
You hit the orc. Your headbutt misses the orc.
The orc is severely wounded.
The orc barely misses you.
You hit the orc but do no damage. Your headbutt misses the orc.
The orc is severely wounded.
You barely miss the orc.
The orc is severely wounded.
The orc hits you with a +0 mace!
* * * LOW HITPOINT WARNING * * *
You are too injured to fight recklessly!
You hit the orc but do no damage.
The orc is severely wounded.
The orc hits you with a +0 mace.
* * * LOW HITPOINT WARNING * * *
Unknown command.
You hit the orc.
You kill the orc!
Unknown command.
The orc attacks as you move away! The orc hits you with a +0 mace.
You die...

#.# #<# ## #.# #
... #.#######.#
...)
#.........###...#
######.###.#...
#.#


ooo #.###o# ##..@# ##.## #..# #.#.# #.#.# #.# # #.# #.# You could see an orc
priest and 3 orcs.

Vanquished Creatures
  A dart slug (D:1)
  2 orcs (D:3)
  3 bats (D:1)
  2 endoplasms (D:2)
  4 goblins
  2 hobgoblins (D:1)
  2 kobolds (D:1)
  A quokka (D:2)
  6 ball pythons
  2 frilled lizards
  A rat (D:1)
26 creatures vanquished.

Notes
Turn   | Place    | Note
-------+----------+-------------------------------------------
     0 | D:1      | leafyfresh the Merfolk Transmuter began the quest for the
                  | Orb.
     0 | D:1      | Reached XP level 1. HP: 15/15 MP: 3/3
   367 | D:1      | Reached XP level 2. HP: 20/21 MP: 5/5
   398 | D:1      | Reached skill level 3 in Transmutations
  1655 | D:2      | Reached XP level 3. HP: 25/26 MP: 4/6
  1659 | D:2      | Reached skill level 4 in Transmutations
  1766 | D:2      | Learned a level 3 spell: Spider Form
  1849 | D:3      | Noticed an orc warrior
  2027 | D:3      | Slain by an orc

Illustrated notes

Levels and vault maps discovered:
D:1:      evilmike_arrival_hilbert_curve, layout_basic,
          nicolae_figureground_pulse
D:2:      layout_basic
D:3:      layout_loops_ring, shapermc_ecumenical_altar_gd

Skill      XL: |  1  2  3 |
---------------+----------+-----
Transmutations | 3 4 |  4.2
Fighting       | |  1.3
Dodging        | |  2.9
Unarmed Combat | |  3.4
Spellcasting   | |  2.1

Action                   || total
-------------------------++-------
Melee: Unarmed           ||    94
       Headbutt          ||    10
       Punch             ||     1
 Cast: Beastly Appendage ||    14
 Stab: Sleeping          ||     1
Armor: Robe              ||    13
Dodge: Dodged            ||    64
